 Dungeon Crawl Stone Soup version 0.20.0-6-gd3061e9 (webtiles) character file.

33843 Gorglomux the Warrior (level 13, -2/156 HPs)
             Began as an Ogre Berserker on May 28, 2017.
             Was a High Priest of Trog.
             Slain by a sixfirhy (9 damage)
             ... on level 6 of the Lair of Beasts.
             The game lasted 00:21:20 (18436 turns).

Gorglomux the Warrior (Ogre Berserker)             Turns: 18436, Time: 00:21:21

Health: -2/156     AC:  6    Str: 26    XL:     13   Next: 73%
Magic:  13/13      EV: 21    Int:  8    God:    Trog [*****.]
Gold:   976        SH:  0    Dex: 12    Spells: 12/12 levels left

rFire    . . .     SeeInvis .   a - +7 glaive of Neisch {god gift, flame, MR+ Str+2}
rCold    . . .     Gourm    .   (shield currently unavailable)
rNeg     . . .     Faith    .   y - +0 animal skin
rPois    .         Spirit   .   (helmet restricted)
rElec    .         Reflect  .   W - +2 cloak
rCorr    .         Harm     .   (gloves unavailable)
MR       ++++.                  (boots unavailable)
Stlth    +.........             (no amulet)
Regen    1.4/turn               C - +3 ring of evasion
MPRegen  0.2/turn               M - +5 ring of evasion

@: lethally poisoned (-2 -> -2), about to teleport, berserk cooldown, starving,
regenerating, slowed, very slow
A: unfitting armour, tough skin 1
a: Berserk, Trog's Hand, Brothers in Arms, Burn Spellbooks, Renounce Religion


You were on level 6 of the Lair of Beasts.
You worshipped Trog.
Trog was extremely pleased with you.
You were starving.

You visited 2 branches of the dungeon, and saw 17 of its levels.
You also visited: Ossuary.

You collected 1170 gold pieces.
You spent 194 gold pieces at shops.

Inventory:

Hand Weapons
 a - the +7 glaive of Neisch (weapon) {god gift, flame, MR+ Str+2}
   (Trog gifted it to you on level 11 of the Dungeon)

   It has been specially enchanted to burn those struck by it, causing extra
   injury to most foes and up to half again as much damage against particularly
   susceptible opponents.
   Big, fiery blades are also staple armaments of hydra-hunters.
   It affects your strength (+2).
   It affects your resistance to hostile enchantments.
 b - a +8 bardiche of flaming {god gift}
Missiles
 i - 2 javelins (quivered)
 Z - a throwing net
Armour
 y - a +0 animal skin (worn)
 W - a +2 cloak (worn)
Jewellery
 g - an uncursed ring of resist corrosion
 l - an uncursed ring of flight
 m - an uncursed ring of protection from magic
 C - a +3 ring of evasion (left hand)
 M - a +5 ring of evasion (right hand)
 P - a +3 amulet of reflection
Wands
 w - a wand of digging (6/24)
 A - a wand of acid (12/15)
 D - a wand of digging (20/24)
 I - a wand of iceblast (6/15)
 L - a wand of lightning (2/15)
 Y - a wand of acid (9/15)
Scrolls
 e - 2 scrolls of fear
 o - 7 scrolls of remove curse
 v - a scroll of vulnerability {unknown}
 B - 5 scrolls of magic mapping
 E - a scroll of blinking {unknown}
 F - 3 scrolls of enchant armour
 J - a scroll of immolation
 R - 2 scrolls of identify
 S - 19 scrolls of teleportation
 X - a scroll of summoning {unknown}
Potions
 h - 4 potions of heal wounds
 k - 3 potions of invisibility
 p - 6 potions of mutation {!q}
 q - 2 potions of ambrosia
 s - 2 potions of lignification
 x - a potion of might {unknown}
 H - a potion of resistance
 K - 4 potions of flight
 N - 7 potions of haste {unknown}
 O - 2 potions of agility
 Q - 9 potions of curing
 U - a potion of magic {unknown}
 V - a potion of berserk rage {unknown}
Comestibles
 c - 12 bread rations
 u - 7 chunks of flesh
 z - 5 meat rations
 G - 5 royal jellies
 T - 21 fruits


   Skills:
 - Level 17.0 Fighting
 + Level 15.1 Polearms
 + Level 6.3 Armour
 + Level 7.4 Dodging


You had 12 spell levels left.
You didn't know any spells.

Dungeon Overview and Level Annotations

Branches:
Dungeon (11/15)            Temple (0/1) D:5            Lair (6/6) D:11
 Shoals (0/4) Lair:4        Snake (0/4) Lair:4        Slime (0/5) Lair:6
    Orc (0/2) D:9

Altars:
Cheibriados
Dithmenos
Fedhas
Hepliaklqana
Nemelex Xobeh
Sif Muna
Trog
Uskayaw
Yredelemnul
Zin

Shops:
D:6 ?   D:8 [   D:9 [


Innate Abilities, Weirdness & Mutations

You are too large for most types of armour.
You have tough skin. (AC +1)


Message History

Unknown command.
As you read the scroll of teleportation, it crumbles to dust.
You feel strangely unstable.
You feel sick. The sixfirhy hits you. The sixfirhy shocks you!
* * * LOW HITPOINT WARNING * * *
You hear a shout!
Some of the chunks of flesh in your inventory have rotted away.
Unknown command.
Your skin crawls.
You feel resistant to hostile enchantments.
You are starving!
You feel sick. The sixfirhy hits you!
* * * LOW HITPOINT WARNING * * *
The sixfirhy shocks you!
* * * LOW HITPOINT WARNING * * *
The sixfirhy barely misses you. The sixfirhy completely misses you.
The sixfirhy closely misses you. The sixfirhy hits you!
* * * LOW HITPOINT WARNING * * *
The sixfirhy shocks you!
You die...

♣....♣♣♣...♣♣♣..
♣.......♣♣ ♣♣. ##
♣♣♣.♣♣.♣♣ ♣♣
...#########'♣♣♣♣♣
♣♣ ...#......†.#♣
♣♣. ..'...8.8†.#
♣.. #..8.#...#
♣♣.♣ . #...8.#..#
♣♣..♣
....#..#@8...#
♣...♣
....'.43#.8..#
♣....
....#..8.8...#
♣♣..[ . #........#
♣♣♣♣ ##########


You could see a sixfirhy and a red devil.

Vanquished Creatures
  2 hydras
  Erica (D:11)
  A death yak (Lair:6)
  A wizard (Lair:6)
  Pikel (D:6)
  A manticore (Lair:4)
  8 elephants
  2 black mambas
  Maurice (D:10)
  Psyche (D:9)
  A torpor snail (Lair:5)
  A kobold demonologist (D:9)
  5 spiny frogs
  An ice devil (Lair:6)
  5 rime drakes
  2 komodo dragons
  2 trolls
  A polar bear (Lair:5)
  5 hippogriffs
  6 blink frogs
  Sigmund (D:6)
  A spriggan (D:9)
  2 wraiths (D:9)
  34 yaks
  A basilisk (Lair:3)
  A vampire (D:10)
  A hungry ghost (D:7)
  A steam dragon (D:7)
  Edmund (D:6)
  3 nagas (Lair:4)
  An acid dragon (D:11)
  10 water moccasins
  10 porcupines
  A hell hound (Lair:6)
  7 orc warriors
  A sky beast (D:7)
  4 black bears
  An ice beast (D:10)
  2 necrophages (D:9)
  4 ogres
  An eye of draining (D:11)
  18 wolves
  3 centaurs
  10 crocodiles
  3 big kobolds
  19 bullfrogs
  6 killer bees (D:7)
  7 scorpions
  A water moccasin skeleton (D:7)
  16 wights
  A troll skeleton (D:9)
  2 howler monkeys (D:9)
  5 crimson imps
  3 centaur zombies
  A quasit (D:11)
  2 bullfrog skeletons
  10 orc wizards
  Crazy Yiuf (D:6)
  A gnoll shaman (D:8)
  3 orc priests
  6 hounds
  An iron imp (D:8)
  2 jellies (D:8)
  5 human zombies
  7 hell rats (Lair:3)
  2 iguanas (D:4)
  Natasha (thrice) (D:2)
  A human skeleton (D:9)
  5 worker ants
  2 big kobold zombies (Ossuary)
  6 mummies
  14 adders
  A howler monkey skeleton (D:6)
  5 scorpion zombies (Ossuary)
  9 gnolls
  6 shadow imps
  An ooze (D:6)
  2 adder zombies
  4 worms
  2 dart slugs (D:1)
  7 leopard geckos
  50 orcs
  9 bats
  5 giant cockroaches
  A gnoll zombie (Ossuary)
  6 goblins
  15 hobgoblins
  18 jackals
  5 quokkas
  4 ball pythons
  3 frilled lizards
  4 goblin zombies
  2 hobgoblin zombies (Ossuary)
  A jackal skeleton (D:8)
  A jackal zombie (D:6)
  17 kobolds
  2 leopard gecko skeletons (D:5)
  5 orc zombies
  10 rats
  A plant (D:4)
498 creatures vanquished.

Vanquished Creatures (collateral kills)
  The ghost of ad3pt the Geomancer, a journeyman GrEE of Hepliaklqana (Lair:6)
  A smoke demon (Lair:6)
  An orange demon (Lair:6)
  An ice devil (Lair:6)
  A hell hound (Lair:6)
  A crocodile (Lair:6)
6 creatures vanquished.

Vanquished Creatures (others)
  A hell hound (Lair:6)
  A jelly (D:6)
  An adder (D:6)
  A jackal (D:6)
  A quokka (D:6)
  A hobgoblin zombie (Ossuary)
  A bush (Lair:6)
  6 fungi
  6 plants
19 creatures vanquished.

Grand Total: 523 creatures vanquished

Notes
Turn   | Place    | Note
-------+----------+-------------------------------------------
     0 | D:1      | Gorglomux the Ogre Berserker began the quest for the Orb.
     0 | D:1      | Reached XP level 1. HP: 24/24 MP: 1/1
    69 | D:1      | Reached XP level 2. HP: 33/33 MP: 2/2
   161 | D:1      | Reached XP level 3. HP: 41/41 MP: 3/3
   531 | D:1      | Reached ** piety under Trog
   768 | D:2      | Noticed Natasha
   777 | D:2      | Killed Natasha
   777 | D:2      | Reached skill level 5 in Fighting
   777 | D:2      | Reached XP level 4. HP: 50/50 MP: 4/4
   940 | D:2      | Found a shadowy altar of Dithmenos.
   981 | D:2      | Noticed Natasha
  1008 | D:2      | Killed Natasha
  1008 | D:2      | Reached XP level 5. HP: 10/59 MP: 5/5
  1527 | D:2      | Noticed Natasha
  1545 | D:2      | Killed Natasha
  1545 | D:2      | Reached skill level 6 in Fighting
  2162 | D:3      | Reached *** piety under Trog
  2671 | D:3      | Reached XP level 6. HP: 37/68 MP: 6/6
  2984 | D:3      | Found a blossoming altar of Fedhas.
  3358 | D:4      | Reached skill level 7 in Fighting
  3712 | D:4      | Found a hide-covered altar of Uskayaw.
  3887 | D:4      | Reached **** piety under Trog
  4039 | D:4      | Reached XP level 7. HP: 51/79 MP: 7/7
  4414 | D:5      | Entered Level 5 of the Dungeon
  4770 | D:5      | Reached skill level 8 in Fighting
  4984 | D:5      | Reached skill level 6 in Polearms
  5202 | D:5      | Found a staircase to the Ecumenical Temple.
  5481 | D:6      | Found Foamonk's Magic Scroll Emporium.
  5500 | D:6      | Reached skill level 9 in Fighting
  5500 | D:6      | Reached XP level 8. HP: 88/92 MP: 8/8
  5569 | D:6      | Bought a scroll of amnesia for 45 gold pieces
  5569 | D:6      | Bought a scroll of identify for 26 gold pieces
  5569 | D:6      | Bought a scroll of magic mapping for 45 gold pieces
  5569 | D:6      | Bought a scroll of teleportation for 39 gold pieces
  5569 | D:6      | Bought a scroll of remove curse for 39 gold pieces
  5660 | D:6      | Noticed Pikel
  5669 | D:6      | Killed Pikel
  5669 | D:6      | Reached skill level 10 in Fighting
  5672 | D:6      | Received a gift from Trog
  5826 | D:6      | Reached skill level 11 in Fighting
  5826 | D:6      | Reached XP level 9. HP: 78/105 MP: 9/9
  5851 | D:6      | Noticed Sigmund
  5864 | D:6      | Killed Sigmund
  6088 | D:6      | Noticed Edmund
  6095 | D:6      | Killed Edmund
  6097 | D:6      | Reached skill level 9 in Polearms
  6353 | D:6      | Found a runed door.
  6632 | D:6      | Noticed Crazy Yiuf
  6640 | D:6      | Killed Crazy Yiuf
  6959 | D:7      | Found a sand-covered staircase.
  6963 | Ossuary  | Entered an ossuary
  7090 | Ossuary  | Reached skill level 12 in Fighting
  7357 | Ossuary  | Reached ***** piety under Trog
  8246 | D:7      | Reached XP level 10. HP: 108/118 MP: 10/10
  8326 | D:7      | Reached skill level 13 in Fighting
  8344 | D:7      | HP: 5/119 [poisoned by a killer bee]
  8851 | D:7      | Found a glowing silver altar of Zin.
  8908 | D:8      | Found Kytyrunn's Armour Shop.
  9705 | D:8      | Found a snail-covered altar of Cheibriados.
  9836 | D:9      | Reached skill level 14 in Fighting
  9857 | D:9      | Received a gift from Trog
 10204 | D:9      | Found a hazy altar of Hepliaklqana.
 10205 | D:9      | Found a deep blue altar of Sif Muna.
 10270 | D:9      | Found a bloodstained altar of Trog.
 10275 | D:9      | Noticed Psyche
 10281 | D:9      | Killed Psyche
 10345 | D:9      | Found a staircase to the Orcish Mines.
 10374 | D:9      | Found a sparkling altar of Nemelex Xobeh.
 10429 | D:9      | Received a gift from Trog
 10432 | D:9      | Reached XP level 11. HP: 112/131 MP: 11/11
 10494 | D:9      | Found Rudeh's Armour Boutique.
 10620 | D:9      | Reached skill level 15 in Fighting
 10686 | D:9      | Reached skill level 12 in Polearms
 10713 | D:9      | Found a basalt altar of Yredelemnul.
 10866 | D:10     | Entered Level 10 of the Dungeon
 11583 | D:10     | Noticed Maurice
 11589 | D:10     | Killed Maurice
 12159 | D:11     | Reached skill level 16 in Fighting
 12171 | D:11     | Found a staircase to the Lair.
 12794 | D:11     | Noticed Erica
 12799 | D:11     | Received a gift from Trog
 12811 | D:11     | Killed Erica
 12824 | D:11     | Got a bloodstained glaive {god gift}
 12825 | D:11     | Identified the +7 glaive of Neisch {god gift, flame, MR+ Str+2} (Trog gifted it to you on level 11 of the Dungeon)
 13354 | Lair:1   | Entered Level 1 of the Lair of Beasts
 13393 | Lair:1   | Reached XP level 12. HP: 146/146 MP: 12/12
 13687 | Lair:1   | Reached skill level 17 in Fighting
 14214 | Lair:2   | Reached skill level 1 in Armour
 14214 | Lair:2   | Reached skill level 3 in Dodging
 15083 | Lair:3   | Reached skill level 3 in Armour
 16090 | Lair:4   | Found a staircase to the Shoals.
 16420 | Lair:4   | Found a staircase to the Snake Pit.
 16445 | Lair:4   | Reached XP level 13. HP: 151/156 MP: 13/13
 16773 | Lair:4   | Reached skill level 6 in Dodging
 16871 | Lair:4   | Received a gift from Trog
 17446 | Lair:5   | Found a runed door.
 18182 | Lair:6   | Entered Level 6 of the Lair of Beasts
 18276 | Lair:6   | Found a staircase to the Slime Pits.
 18337 | Lair:6   | Reached skill level 6 in Armour
 18402 | Lair:6   | Reached skill level 15 in Polearms
 18403 | Lair:6   | Noticed ad3pt's ghost (journeyman GrEE)
 18422 | Lair:6   | Killed ad3pt's ghost
 18436 | Lair:6   | HP: 7/156 [sixfirhy (9)]
 18436 | Lair:6   | Slain by a sixfirhy

Skill      XL: |  1  2  3  4  5  6  7  8  9 10 11 12 13 |
---------------+----------------------------------------+-----
Fighting       | 5 6 7 9 11 12 14 16 17 | 17.0
Polearms       | 4 5 6 8 10 11 13 14 15 | 15.1
Armour         | 4 6 |  6.3
Dodging        | 5 7 |  7.4

Action                   |  1- 3 |  4- 6 |  7- 9 | 10-12 | 13-15 || total
-------------------------+-------+-------+-------+-------+-------++-------
Melee: Spear             |    86 |   429 |   108 |       |       ||   623
       Trident           |       |       |    67 |       |       ||    67
       Glaive            |       |       |   222 |   490 |   146 ||   858
       Bardiche          |       |       |       |   179 |       ||   179
Invok: Berserk           |     2 |    10 |     9 |    13 |     3 ||    37
       Trog's Hand       |       |       |     2 |     6 |     2 ||    10
       Burn Spellbooks   |       |       |       |       |     2 ||     2
       Brothers in Arms  |       |       |       |       |     1 ||     1
Evoke: Wand              |       |       |       |     3 |       ||     3
  Use: Scroll            |       |       |    16 |     7 |     3 ||    26
       Potion            |       |       |       |     1 |       ||     1
 Stab: Sleeping          |       |     1 |     1 |     4 |       ||     6
       Distracted        |       |       |       |     1 |       ||     1
  Eat: Chunk             |     1 |    21 |    22 |    40 |     3 ||    87
       Fruit             |       |       |     1 |       |       ||     1
       Meat ration       |       |       |       |     1 |     1 ||     2
Armor: Animal skin       |    15 |    93 |    50 |   116 |    13 ||   287
Dodge: Dodged            |    28 |   216 |   222 |   692 |    80 ||  1238
Block: Other             |       |       |    25 |    90 |     1 ||   116
       Reflection        |       |       |       |     1 |       ||     1
